Map: Oxide LE

Players

MaSa - Winner!

  • Race: Terran Terran

Astrea

  • Race: Protoss Protoss

Event: DreamHack SC2 Masters 2021 Winter

VOD

Have the link to the VOD?

Description

Time

  • Played on: Oct. 9, 2021, 5:31 p.m.
  • Length: 7:37

All games in this series

Show
View Real Time Build Order
Export as new Build Order

MaSa Terran - Winner!

Build Orders:  

Get SALT Encoding   

  12  0:00  SCV  
  13  0:12  SCV  
  14  0:17  Supply Depot  
  14  0:24  SCV  
  15  0:40  Barracks  
  15  0:50  Barracks  
  15  1:04  Barracks  
  15  1:08  SCV  
  16  1:27  Marine, Orbital Command  
  17  1:37  Supply Depot  
  17  1:40  Marine  
  17  1:45  Marine  
  19  1:51  Marine  
  20  1:56  SCV  
  20  1:58  Marine  
  22  2:04  Marine  
  23  2:09  Marine  
  24  2:15  Marine  
  24  2:17  Bunker  
  24  2:22  Marine  
  26  2:27  Marine  
  26  2:33  Marine  
  26  2:35  SCV  
  26  2:39  Marine  
  26  2:44  Marine  
  26  2:49  SCV  
  27  2:51  Marine  
  27  2:52  Refinery  
  27  2:57  Supply Depot, Marine  
  29  3:02  SCV, Marine  
  29  3:03  Refinery  
  31  3:18  Marine x2  
  31  3:19  SCV  
  34  3:25  Marine  
  33  3:31  SCV  
  31  3:36  Marine x2  
  31  3:43  Marine  
  31  3:44  SCV  
  33  3:54  Marine  
  33  3:56  Marine  
  33  4:01  Marine  
  31  4:12  Marine  
  31  4:14  Marine  
  31  4:19  Marine  
  30  4:30  Marine  
  30  4:32  Marine  
  28  4:53  Marine x2  
Show
View Real Time Build Order
Export as new Build Order

Astrea Protoss 

Build Orders: Proxy Void Ray 

Get SALT Encoding   

  12  0:00  Probe  
  13  0:12  Probe  
  14  0:17  Pylon  
  14  0:24  Probe (Chrono Boost)  
  16  0:36  Probe (Chrono Boost)  
  16  0:37  Gateway  
  16  0:43  Probe (Chrono Boost)  
  16  0:47  Assimilator  
  17  0:51  Probe  
  18  1:03  Probe  
  19  1:15  Probe  
  20  1:19  Pylon  
  20  1:20  Assimilator  
  20  1:24  Zealot  
  22  1:32  Cybernetics Core  
  22  1:34  Probe  
  23  1:46  Probe  
  24  1:52  Pylon  
  24  1:58  Probe  
  25  2:06  Stalker (Chrono Boost)  
  25  2:12  Shield Battery  
  27  2:21  Stargate  
  25  2:35  Stalker (Chrono Boost)  
  23  2:42  Probe  
  23  2:51  Shield Battery  
  25  2:59  Void Ray (Chrono Boost)  
  27  3:10  Shield Battery  
  27  3:13  Probe  
  28  3:26  Probe  
  23  3:43  Probe  
  24  3:53  Void Ray  
  24  3:56  Probe  
  26  4:23  Probe  
  18  4:47  Probe  
  10  6:22  Assimilator  

Tags
 
Add a new tag
Caveats
  • Supply blocks, unpowered buildings, or Contaminate may cause inaccurate times.
  • Supply counts are checked every 10 seconds.